 Dungeon Crawl Stone Soup version 0.26-a0-1139-g7d2dc893a1 (webtiles) character file.

Game seed: 3109993904522236355

277524 akrivosticles the Brawler (level 19, -3/201 HPs)
             Began as a Troll Monk on Dec 21, 2020.
             Was a High Priest of Qazlal.
             Slain by an eidolon (4 damage)
             ... on level 2 of the Crypt.
             The game lasted 01:33:45 (32907 turns).

akrivosticles the Brawler (Troll Monk)             Turns: 32907, Time: 01:33:46

Health: -3/201     AC: 25    Str: 30    XL:     19   Next: 99%
Magic:  0/25       EV: 15    Int:  6    God:    Qazlal [*****.]
Gold:   3946       SH: 33    Dex: 12    Spells: 18/18 levels left

rFire    + + .     SeeInvis .     - Unarmed
rCold    x x .     Faith    .   w - +4 tower shield
rNeg     + + +     Spirit   +   c - +8 fire dragon scales
rPois    +         Reflect  .   S - +0 hat
rElec    .         Harm     .   x - scarf {shadows}
rCorr    .         Rampage  .   (gloves unavailable)
Will     +....                  (boots unavailable)
Stlth    ..........             W - amulet of guardian spirit
HPRegen  0.83/turn              v - ring "Nirr" {*Slow rPois rC- rN+++ EV+4}
MPRegen  0.19/turn              N - +4 ring of slaying

@: about to teleport, protected from physical damage, hasted and slowed, repel
missiles
A: large, unfitting armour, claws 3, regeneration 1, shaggy fur 1, tough skin 3
}: 1/15 runes: gossamer
a: Renounce Religion, Upheaval, Elemental Force, Disaster Area


You were on level 2 of the Crypt.
You worshipped Qazlal.
Qazlal was extremely pleased with you.
You visited 7 branches of the dungeon, and saw 34 of its levels.

You collected 4098 gold pieces.
You spent 152 gold pieces at shops.

Inventory:

Missiles
 m - 38 boomerangs
 T - 2 javelins
 Z - 33 large rocks (quivered)
Armour
 c - +8 fire dragon scales (worn)
 w - a +4 tower shield (worn)
 x - a scarf of shadows (worn)
 S - a +0 hat (worn)
Jewellery
 k - an uncursed ring of protection from cold
 n - an uncursed amulet of faith
 v - the ring "Nirr" (left claw) {*Slow rPois rC- rN+++ EV+4}
   (You found it on level 6 of the Dungeon)

   [ring of evasion]

   It affects your evasion (+4).
   It makes you vulnerable to cold.
   It protects you from poison.
   It renders you almost immune to negative energy.
   It may slow you when you take damage.
 z - a +6 ring of intelligence
 C - an uncursed ring of resist corrosion
 E - an uncursed ring of wizardry
 N - a +4 ring of slaying (right claw)
 W - an amulet of guardian spirit (around neck)
 Y - an uncursed amulet of the acrobat
Wands
 F - a wand of disintegration (62)
 H - a wand of acid (18)
 P - a wand of iceblast (15)
 U - a wand of digging (9)
Scrolls
 a - 5 scrolls of fear
 b - 5 scrolls of enchant weapon
 d - a scroll of brand weapon
 e - 2 scrolls of blinking
 f - 6 scrolls of amnesia
 h - 20 scrolls of remove curse
 s - 3 scrolls of fog
 t - 19 scrolls of teleportation
 u - 5 scrolls of summoning
 y - 2 scrolls of silence
 B - 10 scrolls of magic mapping
 D - 10 scrolls of identify
 G - a scroll of acquirement
 O - 3 scrolls of holy word
Potions
 g - 5 potions of invisibility
 i - 2 potions of berserk rage
 j - 4 potions of mutation
 l - 13 potions of curing
 o - 11 potions of ambrosia
 p - 6 potions of lignification
 q - 6 potions of brilliance
 r - 5 potions of heal wounds
 A - 2 potions of flight
 I - 7 potions of haste
 K - 7 potions of cancellation
 L - 2 potions of might
 R - a potion of magic
 V - 2 potions of resistance


   Skills:
 + Level 15.2 Fighting
 + Level 12.8 Throwing
 + Level 5.6 Armour
 - Level 7.0 Dodging
 - Level 1.0 Stealth
 - Level 15.0 Shields
 + Level 17.7 Unarmed Combat
 - Level 10.0 Invocations


You had 18 spell levels left.
You didn't know any spells.
Your spell library contained the following spells:

 Spells                   Type           Power        Failure   Level
 Animate Skeleton         Necr           0%           75%         1
 Apportation              Tloc           0%           75%         1
 Beastly Appendage        Tmut           0%           75%         1
 Corona                   Hex            0%           75%         1
 Pain                     Necr           0%           75%         1
 Sandblast                Erth           0%           75%         1
 Shock                    Conj/Air       0%           75%         1
 Sting                    Tmut/Pois      0%           75%         1
 Summon Small Mammal      Summ           0%           75%         1
 Blink                    Tloc           N/A          86%         2
 Ensorcelled Hibernation  Hex/Ice        0%           86%         2
 Passwall                 Tmut/Erth      0%           86%         2
 Poisonous Vapours        Pois/Air       0%           86%         2
 Swiftness                Air            0%           86%         2
 Wereblood                Tmut           0%           86%         2
 Confusing Touch          Hex            0%           98%         3
 Dazzling Flash           Conj/Hex       0%           98%         3
 Gell's Gravitas          Tloc           0%           98%         3
 Ignite Poison            Fire/Tmut/Pois 0%           98%         3
 Lesser Beckoning         Tloc           0%           98%         3
 Mephitic Cloud           Conj/Pois/Air  0%           98%         3
 Spider Form              Tmut/Pois      0%           98%         3
 Static Discharge         Conj/Air       0%           98%         3
 Stone Arrow              Conj/Erth      0%           98%         3
 Teleport Other           Tloc           0%           98%         3
 Tukima's Dance           Hex            0%           98%         3
 Vampiric Draining        Necr           0%           98%         3
 Airstrike                Air            0%           100%        4
 Animate Dead             Necr           0%           100%        4
 Ice Form                 Ice/Tmut       0%           100%        4
 Olgreb's Toxic Radiance  Pois           0%           100%        4
 Passage of Golubria      Tloc           N/A          100%        4
 Petrify                  Tmut/Erth      0%           100%        4
 Agony                    Necr           0%           100%        5
 Alistair's Intoxication  Tmut/Pois      0%           100%        5
 Blade Hands              Tmut           0%           100%        5
 Bolt of Magma            Conj/Fire/Erth 0%           100%        5
 Borgnjor's Vile Clutch   Necr/Erth      0%           100%        5
 Fireball                 Conj/Fire      0%           100%        5
 Iskenderun's Battlesphe  Conj           0%           100%        5
 Lee's Rapid Deconstruct  Erth           0%           100%        5
 Lightning Bolt           Conj/Air       0%           100%        5
 Metabolic Englaciation   Hex/Ice        0%           100%        5
 Summon Forest            Summ/Tloc      0%           100%        5
 Yara's Violent Unravell  Hex/Tmut       0%           100%        5
 Invisibility             Hex            0%           100%        6
 Iron Shot                Conj/Erth      0%           100%        6
 Starburst                Conj/Fire      0%           100%        6
 Statue Form              Tmut/Erth      0%           100%        6
 Orb of Destruction       Conj           0%           100%        7
 Spellforged Servitor     Conj/Summ      0%           100%        7
 Ignition                 Fire           0%           100%        8
 Tornado                  Air            0%           100%        9


Dungeon Overview and Level Annotations

Branches:
Dungeon (15/15)            Temple (1/1) D:4            Lair (6/6) D:10
 Shoals (0/4) Lair:3       Spider (4/4) Lair:4        Slime (0/5) Lair:6
    Orc (2/2) D:9             Elf (0/3) Orc:2        Vaults (4/5) D:13
  Crypt (2/3) Vaults:3     Depths (0/5) D:15

Altars:
Ashenzari
Cheibriados
Dithmenos
Elyvilon
Fedhas
Gozag
Hepliaklqana
Kikubaaqudgha
Makhleb
Nemelex Xobeh
Okawaru
Qazlal
Ru
Sif Muna
Trog
Uskayaw
Vehumet
Wu Jian
Xom
Yredelemnul
Zin
The Shining One
Beogh
Jiyva

Shops:
D:4 (   D:6 }   D:10 [   D:14 =   D:15 (   Orc:2 (:[(   Vaults:4 ?

Portals:
Trove: D:12 (give +5 demon trident)

Annotations:
D:6 2 transporters, 1 exclusion
D:8 exclusion: orange crystal statue
Lair:6 1 runed translucent door
Vaults:2 2 transporters


Innate Abilities, Weirdness & Mutations

You are too large for most types of armour.
You have claws for hands.
Your natural rate of healing is unusually fast.
You are covered in fur. (AC +1)
You have extremely tough skin. (AC +3)


Message History

Something hits you!
* * * LOW HITPOINT WARNING * * *
Something drains your vigour!
You feel yourself slow down. You block the jiangshi's attack. x2
A human zombie comes into view.
As you read the scroll of teleportation, it crumbles to dust.
You feel strangely unstable.
The jiangshi is engulfed in freezing vapours. x2
You block the jiangshi's attack. The jiangshi misses you.
The jiangshi is engulfed in freezing vapours.
You block the jiangshi's attack. x2; Something hits you.
* * * LOW HITPOINT WARNING * * *
Something drains your vigour!
You feel as though you will be slow longer.
The frost giant zombie hits you!
* * * LOW HITPOINT WARNING * * *
You feel protected from physical attacks.
The eidolon hits you but does no damage.
The eidolon hits you.
You die...

###...##V..### #.#
#..V# {..# ..# ##...#
.^.# #####
..####..V######.. #...#
....##...#...# .##
#..)# ....##...#...# ..
#...##V...##..V#.°§#...
....z.VV......VZ.§○....
.######.###...zV@.§.#
.# # #..VWV.W..... .#
###.######Z.. .# ..# #.
.. z# ..### #.
.######...###. ##
V............. ...
$)#####... ..
..#####.#####Z####


You could see a vampire knight (fast), an eidolon, an ancient champion (fast), 4
jiangshi, a freezing wraith, a frost giant zombie and a human zombie.

Vanquished Creatures
  Saint Roka (Vaults:1)
  Arachne (Spider:3)
  Asterion (Vaults:1)
  The ghost of Pily the Fetichist, an adept DsWn of Gozag (Vaults:2)
  A shard shrike skeleton (Crypt:1)
  A lich (Vaults:3)
  Kirke (D:14)
  A shadow dragon (Vaults:4)
  Roxanne (D:15)
  A frost giant (Vaults:2)
  A ghost moth (Spider:4)
  19 vault wardens
  7 emperor scorpions
  2 curse skulls
  14 ironheart preservers
  6 stone giants
  A vampire knight (Crypt:2)
  5 entropy weavers
  Nessos (Lair:4)
  An ettin (Orc:1)
  3 crystal guardians
  6 jiangshi
  3 great orbs of eyes
  The ghost of Faamen the Champion of Chaos, a journeyman DDFi of Makhleb (D:12)
  A fire dragon (Vaults:1)
  7 hydras
  An ice dragon (Vaults:1)
  2 yaktaur captains
  10 boulder beetles
  A quicksilver dragon skeleton (Crypt:1)
  2 rakshasas
  18 vault guards
  2 death knights
  4 catoblepae
  The ghost of Dracia the Spear-Bearer, a journeyman DsFi of Qazlal (Lair:2)
  Erica (D:11)
  12 death yaks
  3 centaur warriors
  7 ogre magi
  3 deep troll shamans
  7 vampire magi
  3 deep troll earth magi
  6 orc high priests
  20 two-headed ogres
  3 soul eaters
  Nergalle (Orc:1)
  5 deep elf knights
  9 skeletal warriors
  A shadow wraith (Vaults:4)
  A flayed ghost (Vaults:2)
  An unseen horror (shapeshifter) (Vaults:3)
  18 deep trolls
  A glowing orange brain (Vaults:4)
  2 unseen horrors
  2 wizards
  2 orange crystal statues
  9 ironbrand convokers
  4 deep elf archers
  17 orc knights
  A lindwurm (Lair:6)
  A necromancer (Vaults:1)
  2 phantasmal warriors
  A harpy (shapeshifter) (Vaults:1)
  2 wolf spider zombies
  18 orb spiders
  5 manticores
  An iron dragon zombie (Crypt:1)
  17 ugly things (Vaults:2)
  A moth of wrath (Spider:4)
  A faun (shapeshifter) (Vaults:4)
  2 orc sorcerers
  8 deep elf magi
  24 wolf spiders
  20 elephants
  6 black mambas
  A guardian serpent (shapeshifter) (Vaults:1)
  2 torpor snails
  A merfolk siren (Lair:3)
  8 cane toads
  6 vault sentinels
  Maggie (D:7)
  5 rime drakes
  33 yaktaurs
  5 demonic crawlers
  12 komodo dragons
  8 freezing wraiths
  A redback zombie (D:13)
  2 kobold demonologists
  4 polar bears (D:12)
  21 jumping spiders
  2 hornets
  7 trolls
  A jumping spider (shapeshifter) (Vaults:2)
  8 blink frogs (Lair:6)
  16 slime creatures
  A meliai zombie (D:13)
  8 dream sheep
  73 redbacks
  An ice dragon skeleton (Crypt:2)
  4 centaur simulacra (D:12)
  4 flying skulls (Crypt:2)
  23 tarantellas
  7 wyverns
  6 basilisks
  2 vampires (Vaults:3)
  6 wraiths
  A human (D:15)
  2 hogs (D:15)
  37 yaks
  The ghost of Selgatrox the Grasshopper, an amateur GnWr (D:3)
  Menkaure (D:4)
  2 steam dragons
  6 vampire mosquitoes
  6 wargs
  2 acid dragons
  A soldier ant (D:11)
  12 water moccasins
  A black bear (shapeshifter) (Vaults:1)
  6 sky beasts
  5 ice beasts
  57 orc warriors
  The ghost of akrivosticles the Ruffian, an amateur TrMo of Hepliaklqana (D:3)
  2 necrophages
  2 eyes of draining
  4 phantoms
  29 ogres
  10 centaurs
  A hog zombie (Crypt:2)
  5 wolves
  7 big kobolds
  14 bullfrogs
  A water moccasin zombie (Crypt:2)
  2 wyvern zombies
  A yaktaur skeleton (Crypt:1)
  A water moccasin skeleton (Crypt:1)
  6 scorpions
  20 killer bees
  20 wights
  4 electric eels
  3 howler monkeys
  4 centaur zombies
  A lava snake (D:8)
  4 jellies
  3 quasits
  29 orc wizards
  8 centaur skeletons
  4 hounds
  A bullfrog skeleton (D:12)
  A bullfrog zombie (D:10)
  43 orc priests
  A gnoll shaman (D:8)
  An iguana (D:8)
  7 worker ants
  An ogre zombie (Crypt:1)
  A big kobold zombie (Crypt:1)
  3 bullfrog simulacra (D:12)
  2 hound zombies
  A hound skeleton (D:11)
  2 worker ant zombies (D:11)
  17 gnolls
  10 adders
  9 white imps (D:12)
  8 ufetubi
  2 oozes
  A worm zombie (Crypt:1)
  2 adder skeletons
  2 worms (D:3)
  12 leopard geckos
  116 orcs
  3 ball pythons
  A bat skeleton (Crypt:1)
  A bat zombie (Crypt:2)
  4 giant cockroaches
  7 goblins
  4 hobgoblins
  2 jackals (D:3)
  37 kobolds
  4 quokkas
  6 bats
  12 frilled lizards
  A quokka skeleton (D:5)
  9 rats
1316 creatures vanquished.

Vanquished Creatures (collateral kills)
  A hydra (Lair:2)
  A warg (D:10)
  A wight (D:10)
  An orc priest (D:10)
  An orc wizard (D:10)
5 creatures vanquished.

Vanquished Creatures (others)
  A tarantella (Spider:3)
  An ice beast (D:10)
  31 fungi
  39 plants
72 creatures vanquished.

Grand Total: 1393 creatures vanquished

Notes
Turn   | Place    | Note
-------+----------+-------------------------------------------
     0 | D:1      | akrivosticles the Troll Monk began the quest for the Orb.
     0 | D:1      | Reached XP level 1. HP: 22/22 MP: 0/0
   307 | D:1      | Reached XP level 2. HP: 29/29 MP: 1/1
   684 | D:2      | Reached XP level 3. HP: 32/36 MP: 2/2
   729 | D:2      | Found a radiant altar of Vehumet.
   787 | D:2      | Found a blossoming altar of Fedhas.
  1326 | D:3      | Noticed a centaur
  1336 | D:3      | Killed a centaur
  1337 | D:3      | Reached skill level 4 in Unarmed Combat
  1337 | D:3      | Reached XP level 4. HP: 42/45 MP: 3/3
  1409 | D:3      | Reached XP level 5. HP: 53/53 MP: 4/4
  1715 | D:3      | You fall into a shaft and drop 3 floors!
  1738 | D:6      | Found a white marble altar of Elyvilon.
  1747 | D:6      | Got an ancient jade ring
  1772 | D:6      | Reached XP level 6. HP: 43/62 MP: 5/5
  1779 | D:6      | Identified the ring "Nirr" {*Slow rPois rC- rN+++ EV+4}
                  | (You found it on level 6 of the Dungeon)
  1842 | D:6      | Found Ihurecig's Gadget Shop.
  1999 | D:6      | Found a transporter.
  2004 | D:6      | Reached skill level 5 in Unarmed Combat
  2017 | D:6      | Noticed a kobold demonologist
  2039 | D:6      | Found a transporter.
  2133 | D:6      | Reached XP level 7. HP: 57/70 MP: 6/6
  2218 | D:5      | Entered Level 5 of the Dungeon
  2342 | D:4      | Found a staircase to the Ecumenical Temple.
  2348 | Temple   | Entered the Ecumenical Temple
  2504 | Temple   | Became a worshipper of Qazlal Stormbringer
  2504 | Temple   | Reached * piety under Qazlal
  2504 | Temple   | Reached ** piety under Qazlal
  2579 | D:4      | Found a sacrificial altar of Ru.
  2584 | D:4      | Found Vuingocriy's Weapon Shop.
  2624 | D:5      | Reached skill level 5 in Dodging
  2624 | D:5      | Reached skill level 6 in Unarmed Combat
  2624 | D:5      | Reached skill level 1 in Invocations
  2741 | D:5      | Reached skill level 5 in Fighting
  2741 | D:5      | Reached XP level 8. HP: 80/80 MP: 7/7
  2745 | D:4      | Noticed Menkaure
  2878 | D:5      | Found a basalt altar of Yredelemnul.
  3452 | D:4      | Killed Menkaure
  3612 | D:4      | Found an opulent altar of Gozag.
  4117 | D:3      | Found a runed translucent gate.
  4118 | D:3      | Noticed Selgatrox's ghost (amateur GnWr)
  4118 | D:3      | Noticed akrivosticles's ghost (amateur TrMo)
  4119 | D:3      | Found a runed translucent gate.
  4119 | D:3      | Found a runed translucent gate.
  4127 | D:3      | Killed Selgatrox's ghost
  4136 | D:3      | Killed akrivosticles's ghost
  4618 | D:6      | Found a shimmering blue altar of Sif Muna.
  4734 | D:7      | Reached skill level 7 in Unarmed Combat
  4745 | D:7      | Noticed Maggie
  4757 | D:7      | Killed Maggie
  4758 | D:7      | Reached XP level 9. HP: 87/89 MP: 10/10
  4774 | D:7      | Reached *** piety under Qazlal
  4918 | D:7      | Found a hazy altar of Hepliaklqana.
  5389 | D:8      | Reached skill level 8 in Unarmed Combat
  5598 | D:8      | Reached skill level 5 in Invocations
  5672 | D:8      | Noticed an orange crystal statue
  5877 | D:8      | Got a fine mace
  5953 | D:8      | Identified the +7 mace of Xom's Hope {vorpal, rPois Str+4
                  | Stlth+} (You found it on level 8 of the Dungeon)
  6107 | D:9      | Reached XP level 10. HP: 100/100 MP: 12/12
  6177 | D:9      | Found a burning altar of Makhleb.
  6177 | D:9      | Found an iron altar of Okawaru.
  6219 | D:9      | Reached **** piety under Qazlal
  6312 | D:9      | Reached XP level 11. HP: 107/107 MP: 13/13
  6342 | D:9      | Noticed a two-headed ogre
  6352 | D:9      | Killed a two-headed ogre
  6652 | D:9      | Found a staircase to the Orcish Mines.
  6921 | D:10     | Entered Level 10 of the Dungeon
  6931 | D:10     | Found Kiph's Antique Armour Shop.
  7104 | D:10     | Found a staircase to the Lair.
  7152 | D:10     | Reached skill level 9 in Unarmed Combat
  7762 | Lair:1   | Entered Level 1 of the Lair of Beasts
  7796 | Lair:1   | Noticed a six-headed hydra
  7869 | Lair:1   | Killed a nine-headed hydra
  8536 | Lair:2   | Noticed a four-headed hydra
  8543 | Lair:2   | Killed an eight-headed hydra
  8647 | Lair:2   | Reached XP level 12. HP: 119/119 MP: 16/16
  8655 | Lair:2   | Noticed a seven-headed hydra
  8667 | Lair:2   | Killed a ten-headed hydra
  8672 | Lair:2   | Noticed a catoblepas
  8861 | Lair:2   | Noticed Dracia's ghost (journeyman DsFi)
  8871 | Lair:2   | Found a transporter.
  8890 | Lair:2   | Found a transporter.
  8899 | Lair:2   | Killed Dracia's ghost
  8900 | Lair:2   | Reached skill level 10 in Unarmed Combat
  9052 | Lair:2   | Killed a catoblepas
  9563 | Lair:3   | Found a staircase to the Shoals.
  9640 | Lair:3   | Reached skill level 10 in Shields
 10294 | Lair:4   | Noticed a five-headed hydra
 10301 | Lair:4   | Killed a five-headed hydra
 10893 | Lair:4   | Reached XP level 13. HP: 129/131 MP: 18/18
 11034 | Lair:4   | Noticed Nessos
 11075 | Lair:4   | Killed Nessos
 11128 | Lair:4   | Reached skill level 11 in Unarmed Combat
 11212 | Lair:4   | Found a hole to the Spider Nest.
 11419 | Lair:4   | Reached ***** piety under Qazlal
 12012 | Lair:5   | Got an ichor-stained trident
 12012 | Lair:5   | Identified the +6 trident of the Exiled Places {vamp, rF+
                  | SInv Stlth+} (You found it on level 5 of the Lair of
                  | Beasts)
 12316 | Lair:6   | Entered Level 6 of the Lair of Beasts
 12370 | Lair:6   | Reached skill level 10 in Fighting
 12681 | Lair:6   | Found a runed translucent door.
 12682 | Lair:6   | Found a viscous altar of Jiyva.
 12682 | Lair:6   | Noticed an acid blob
 12685 | Lair:6   | Found a staircase to the Slime Pits.
 13090 | Lair:6   | Reached skill level 12 in Unarmed Combat
 13090 | Lair:6   | Reached XP level 14. HP: 143/143 MP: 20/20
 13135 | Lair:6   | Reached skill level 10 in Invocations
 13774 | Orc:1    | Entered Level 1 of the Orcish Mines
 13778 | Orc:1    | Noticed a stone giant
 13961 | Orc:1    | Killed a stone giant
 14208 | Orc:1    | Noticed Nergalle
 14220 | Orc:1    | Killed Nergalle
 14224 | Orc:1    | Reached skill level 1 in Throwing
 14451 | Orc:2    | Entered Level 2 of the Orcish Mines
 14823 | Orc:2    | Reached ****** piety under Qazlal
 14950 | Orc:2    | Reached skill level 13 in Unarmed Combat
 15012 | Orc:2    | Found a roughly hewn altar of Beogh.
 15088 | Orc:2    | Found a staircase to the Elven Halls.
 15274 | Orc:2    | Found Efutinopp's Book Shoppe.
 15274 | Orc:2    | Found Plog's Antique Weapon Shoppe.
 15275 | Orc:2    | Found Cuf Pied's Weapon Shoppe.
 15275 | Orc:2    | Found Faphydou's Antique Armour Emporium.
 15647 | D:11     | Noticed Erica
 15656 | D:11     | Killed Erica
 16080 | D:11     | Reached XP level 15. HP: 154/154 MP: 21/21
 16889 | D:12     | Found a runed translucent gate.
 16893 | D:12     | Found a runed translucent gate.
 16893 | D:12     | Found a runed translucent gate.
 16895 | D:12     | Noticed Faamen's ghost (journeyman DDFi)
 16908 | D:12     | Killed Faamen's ghost
 17129 | D:12     | Found a portal to a secret trove of treasure.
 17511 | D:13     | Reached skill level 5 in Throwing
 17714 | D:13     | Found a gate to the Vaults.
 18370 | D:14     | Found Azxirexepp's Jewellery Shop.
 18437 | D:14     | Found a runed translucent door.
 19661 | D:14     | Identified the Reference Book on Spatial Transformation
 19671 | D:14     | Identified the Papyrus of Air and the Rocks
 19846 | D:15     | Entered Level 15 of the Dungeon
 19982 | D:15     | Noticed Kirke
 19993 | D:14     | Killed Kirke
 19994 | D:14     | Reached skill level 14 in Unarmed Combat
 20197 | D:15     | Found a staircase to the Depths.
 20369 | D:15     | Identified Roxanne's Reference Book on Earth
 20369 | D:15     | Noticed Roxanne
 20387 | D:15     | Killed Roxanne
 20501 | D:15     | Identified the ring "Ovvaliov" {rF+ rN+}
 20509 | D:15     | Reached XP level 16. HP: 165/165 MP: 22/22
 20681 | D:15     | Found Puvist's Antique Weapon Boutique.
 21101 | Spider:1 | Entered Level 1 of the Spider Nest
 23552 | Spider:4 | Entered Level 4 of the Spider Nest
 23553 | Spider:4 | Noticed Arachne
 23582 | Spider:3 | Killed Arachne
 23932 | Spider:4 | Reached skill level 15 in Unarmed Combat
 24420 | Spider:4 | Reached XP level 17. HP: 174/176 MP: 23/23
 24731 | Spider:4 | Got a gossamer rune of Zot
 25147 | Vaults:1 | Entered Level 1 of the Vaults
 25200 | Vaults:1 | Noticed Saint Roka
 25383 | Vaults:1 | Killed Saint Roka
 25570 | Vaults:1 | Noticed Asterion
 25581 | Vaults:1 | Killed Asterion
 26315 | Vaults:1 | Reached skill level 10 in Throwing
 26316 | Vaults:1 | Identified the +4 great mace of the Water Diviner {freeze,
                  | Will+ MP+9}
 26879 | Vaults:1 | Found a transporter.
 26890 | Vaults:1 | Found a transporter.
 27045 | Vaults:2 | Reached skill level 16 in Unarmed Combat
 27082 | Vaults:2 | Reached XP level 18. HP: 179/188 MP: 21/24
 28289 | Vaults:2 | Found a transporter.
 28289 | Vaults:2 | Found a transporter.
 28391 | Vaults:2 | Reached skill level 15 in Shields
 28753 | Vaults:2 | You fall into a shaft and drop 2 floors!
 28821 | Vaults:4 | Reached skill level 1 in Armour
 29110 | Vaults:4 | Reached XP level 19. HP: 182/198 MP: 22/25
 29613 | Vaults:4 | Reached skill level 17 in Unarmed Combat
 29847 | Vaults:4 | Found Juirec's Magic Scroll Shoppe.
 30114 | Vaults:4 | Bought a scroll of fog for 32 gold pieces
 30114 | Vaults:4 | Bought a scroll of enchant armour for 120 gold pieces
 31100 | Vaults:3 | Found a staircase to the Crypt.
 31241 | Vaults:3 | Reached skill level 15 in Fighting
 31533 | Vaults:2 | Found a large runed translucent door.
 31533 | Vaults:2 | Found a large runed translucent door.
 31533 | Vaults:2 | Noticed Pily's ghost (adept DsWn)
 31562 | Vaults:2 | Killed Pily's ghost
 31779 | Crypt:1  | Entered Level 1 of the Crypt
 31980 | Crypt:1  | Reached skill level 5 in Armour
 32343 | Crypt:1  | Identified a scroll of acquirement
 32855 | Crypt:2  | HP: 6/201 [something (5)]
 32907 | Crypt:2  | HP: 1/201 [frost giant zombie (10)]
 32907 | Crypt:2  | Slain by an eidolon

Illustrated notes

Levels and vault maps discovered:
D:1:      nagdon_arrival_zigzag_paths, layout_basic
D:2:      layout_rooms, vehumet_crystals, serial_forest,
          infiniplex_forest_end_2, infiniplex_forest_corner_2,
          infiniplex_forest_end_1, infiniplex_forest_zigzag_1,
          infiniplex_forest_corner_2, infiniplex_forest_lined_3_way,
          infiniplex_forest_clump_diagonal,
          hangedman_abyss_or_decor_lesser_grid, supply_closet_lemuel,
          fedhas_ov_isle_minmay
D:3:      layout_loops_corners, gammafunk_ghost_cemetery
D:4:      layout_cave_pools, nicolae_ru_awakened_eye, marbit_many_paths,
          minmay_temple_entry_hall, serial_shops, shop_coins,
          serial_park_tiny_1, uniq_menkaure
D:5:      layout_loops_ring, yredelemnul_altar_generic
D:6:      gammafunk_wand_slinger, layout_loops_ring, led_sif_book, serial_shops,
          shop, nrook_uturn, hex_large, elyvilon_altar_1
D:7:      layout_rooms, lemuel_round_altar, uniq_maggie
D:8:      layout_basic, serial_curves, eino_curves_01, eino_curves_02,
          disabler_island
D:9:      layout_loops_cross, gammafunk_temple_overflow_elements, david_orc_4,
          minmay_between
D:10:     layout_layer_cave, erik_lair_orcish_takeover, serial_shops,
          nicolae_shop_stone, serial_bayou_pond_b
D:11:     layout_loops_cross, uniq_erica
D:12:     layout_basic, ebering_ghost_rock_garden, nicolae_trove_entry_diagonal,
          serial_ice, serial_ice_m, serial_ice_n, serial_ice_o, serial_ice_c,
          serial_ice_d, serial_ice_l, serial_ice_b, serial_ice_g, serial_ice_h,
          serial_ice_e, hex_medium
D:13:     layout_small_grid, erik_vaults_2, enter_bailey_7, patterned_corridor
D:14:     layout_loops_ring, serial_shops, shop, minmay_crystal_box
D:15:     grunt_enter_depths_snipers, layout_loops_ring, serial_shops, shop,
          minmay_misc_feat_tower, billiards_dpeg, uniq_roxanne, uniq_kirke
Temple:   eino_temple_water
Lair:1:   layout_regular_city, serial_bayou_shore_a, grunt_megastairs_2,
          infiniplex_staircase_pool_2
Lair:2:   layout_chaotic_city, gammafunk_ghost_arena
Lair:3:   statuecave_lemuel, layout_chaotic_city,
          minmay_shoals_entry_lonely_mermaid
Lair:4:   layout_cave_pods, spider_nest_entry_funnel_web, uniq_nessos
Lair:5:   layout_gridlike
Lair:6:   evilmike_catoblepas_cave, layout_small_grid, slime_altar_2,
          chequers_serial_rivers_micro_a
Spider:1: layout_spider_delve, hangedman_spider_tarantella_strand
Spider:2: layout_spider_delve
Spider:3: layout_spider_delve, nicolae_orb_island
Spider:4: grunt_spider_rune_circles, uniq_arachne
Orc:1:    layout_caves, uniq_nergalle
Orc:2:    st_orc_pillars, layout_diamond_mine, mines1_david
Vaults:1: nicolae_vaults_network_s, grunt_vaults_twisty, gammafunk_sealed_arena,
          nicolae_vaults_little_squares_3, grunt_vaults_hallway_short,
          hangedman_vaults_hat, v_misc_28, nicolae_vaults_angled_halls,
          vaults_mumra_hex, layout_vaults_big_room, uniq_saint_roka,
          uniq_asterion
Vaults:2: advil_vaults_ghost_guards, ontoclasm_vaults_tryst, v_pattern_2,
          vaults_dpeg_spiral, nicolae_vaults_network_quinsquares
          [nicolae_vaults_network_quincunx_subvault,
          nicolae_vaults_network_quincunx_subvault,
          nicolae_vaults_network_quincunx_subvault,
          nicolae_vaults_network_quincunx_subvault], vaults_room_corners,
          vaults_room_door_hall, gammafunk_the_bubble
          [the_bubble_gammafunk_plus_minus], hangedman_vaults_stream,
          nicolae_vaults_border_crossing, nicolae_vaults_little_squares_5,
          layout_vaults_omnicross, serial_glass
Vaults:3: ontoclasm_vaults_hangar, v_misc_14, nicolae_vaults_rhombus_7,
          nicolae_vaults_puzzle_piece, vaults_room_octagon,
          hangedman_vaults_river_flow, nicolae_vaults_sealed_display,
          vaults_room_pools, minmay_crypt_entry_vampire_xt,
          nicolae_vaults_little_squares_2, vaults_room_corners, v_misc_26,
          ontoclasm_vaults_hangar, nicolae_vaults_little_squares_2,
          layout_vaults_omnibox
Vaults:4: v_pattern_4, v_misc_23, nicolae_vaults_circle_grid_b,
          ontoclasm_vaults_misaligned, v_rooms_2, ontoclasm_vaults_water_temple,
          v_misc_17, nicolae_vaults_little_ls, v_misc_33,
          vaults_standard_mumra_enter_the_diamond,
          vaults_standard_mumra_enter_the_diamond,
          nicolae_vaults_little_squares_3, vaults_mumra_hexcomb,
          layout_vaults_maze, serial_shops, shop
Crypt:1:  layout_regular_city, grunt_megastairs_3
Crypt:2:  layout_misc_corridors

Skill      XL: |  1  2  3  4  5  6  7  8  9 10 11 12 13 14 15 16 17 18 19 |
---------------+----------------------------------------------------------+-----
Dodging        | 3 4 5 6 7 |  7.0
Fighting       | 3 4 5 6 8 9 10 11 12 13 14 15 | 15.2
Unarmed Combat | 4 5 6 7 8 9 10 12 13 14 15 16 17 | 17.7
Invocations    | 1 3 5 6 8 9 10 | 10.0
Shields        | 8 9 10 11 12 13 14 15 | 15.0
Throwing       | 3 6 8 10 11 12 | 12.8
Armour         | 2 5 |  5.6
Stealth        | |  1.0

Action                   |  1- 3 |  4- 6 |  7- 9 | 10-12 | 13-15 | 16-18 | 19-21 || total
-------------------------+-------+-------+-------+-------+-------+-------+-------++-------
Melee: Unarmed           |   118 |    98 |   384 |   420 |  1300 |  1332 |   536 ||  4188
       Punch             |       |     3 |     9 |       |       |       |       ||    12
       Mace              |       |       |       |       |     7 |       |       ||     7
Throw: Throwing net      |       |       |       |       |     1 |       |       ||     1
       Large rock        |       |       |       |       |     5 |     9 |       ||    14
Invok: Upheaval          |       |       |     4 |     4 |     2 |     2 |       ||    12
       Elemental Force   |       |       |       |     3 |       |     1 |       ||     4
       Disaster Area     |       |       |       |       |     6 |     8 |     3 ||    17
Evoke: Wand              |       |       |       |     6 |     6 |       |       ||    12
  Use: Potion            |       |       |     3 |     1 |       |     3 |     2 ||     9
       Scroll            |       |       |    18 |    16 |     4 |     9 |     6 ||    53
 Stab: Sleeping          |     1 |       |       |       |       |       |       ||     1
Armor: Robe              |     8 |       |       |       |       |       |       ||     8
       Fire dragon scale |    61 |    51 |   152 |   115 |   361 |   304 |   163 ||  1207
Dodge: Dodged            |    58 |    60 |   280 |   164 |   456 |   332 |   123 ||  1473
       Repelled          |       |       |       |     1 |    10 |     1 |     5 ||    17
Block: Other             |       |       |    51 |       |     1 |       |       ||    52
       Kite shield       |       |       |       |   327 |   971 |       |       ||  1298
       Tower shield      |       |       |       |       |   354 |  1586 |   702 ||  2642

Table legend: (Time is in decaauts)
 A = Elapsed time spent in this place.
 B = Non-inter-level travel time spent in this place.
 C = Inter-level travel time spent in this place.
 D = Time resting spent in this place.
 E = Time spent auto-exploring this place.
 F = Levels seen in this place.
 G = Mean time per level.
                   A        B        C        D        E       F      G
               +--------+--------+--------+--------+--------+-----+--------+
         Total |  32116 |  29960 |   2156 |   2688 |  19745 |  34 |  944.6 |
       Dungeon |  13381 |  12327 |   1054 |   1352 |   8068 |  15 |  892.1 |
        Temple |    176 |    147 |     29 |      0 |      8 |   1 |  176.0 |
          Lair |   6200 |   5644 |    556 |    371 |   4128 |   6 | 1033.3 |
   Spider Nest |   3554 |   3467 |     87 |    639 |   1916 |   4 |  888.5 |
  Orcish Mines |   1536 |   1464 |     72 |     60 |    873 |   2 |  768.0 |
        Vaults |   6201 |   5875 |    326 |    260 |   3980 |   4 | 1550.2 |
         Crypt |   1066 |   1036 |     30 |      6 |    772 |   2 |  533.0 |
               +--------+--------+--------+--------+--------+-----+--------+

Top non-repeatable levels by time:
Vaults:2: 1854 daAuts
Vaults:1: 1672 daAuts
  Lair:4: 1538 daAuts
    D:13: 1521 daAuts
Vaults:3: 1339 daAuts
Vaults:4: 1335 daAuts
    D:14: 1325 daAuts
  Lair:6: 1152 daAuts
Spider:4: 1093 daAuts
    D:12: 1057 daAuts
   Orc:2: 1052 daAuts
     D:9: 1048 daAuts
     D:3: 982 daAuts
 Crypt:1: 969 daAuts
  Lair:5: 967 daAuts
